 Dungeon Crawl Stone Soup version 0.30-b1-2-g02819fbbbe (webtiles) character file.

Game seed: 5370829254662861937

1674 Borgoz the Carver (level 8, -1/109 HPs)
             Began as a Minotaur Berserker on June 18, 2023.
             Was an Elder of Trog.
             Killed from afar by an electric eel (4 damage)
             ... with a bolt of electricity
             ... on level 6 of the Dungeon.
             The game lasted 00:08:46 (5166 turns).

Borgoz the Carver (Minotaur Berserker)              Turns: 5166, Time: 00:08:47

Health: -1/109     AC: 24    Str: 22      XL:     8   Next: 70%
Magic:  0/7        EV:  2    Int:  4      God:    Trog [****..]
Gold:   121        SH:  0    Dex: 11 (12) Spells: 7/7 levels left

rFire   + . .        a - +0 falchion
rCold   + . .        (no shield)
rNeg    . . .        b - melded +1 animal skin
rPois   +            e - melded +2 hat
rElec   +            (cloak currently unavailable)
rCorr   +            (gloves currently unavailable)
SInv    .            i - melded +0 pair of boots
Will    .....        j - amulet of guardian spirit
Stlth   +            (no ring)
HPRegen 0.38/turn    (no ring)
MPRegen 0.10/turn

%: guardian spirit
@: tree-form, resistant
A: stationary, stasis, torment immunity, boosted hp, (horns 2), (retaliatory
headbutt)
a: Renounce Religion, Berserk, Trog's Hand, Brothers in Arms


You were on level 6 of the Dungeon.
You worshipped Trog.
Trog was greatly pleased with you.
You were a tree.
You visited 1 branch of the dungeon, and saw 6 of its levels.

You collected 209 gold pieces.
You spent 88 gold pieces at shops.

Inventory:

Hand Weapons
 a - a +0 falchion (weapon)
 d - a +3 mace of draining
Missiles
 h - 3 boomerangs (quivered)
 m - a throwing net
 r - 6 silver javelins
Armour
 b - a +1 animal skin (melded)
 e - a +2 hat (melded)
 i - a +0 pair of boots (melded)
Jewellery
 j - an amulet of guardian spirit (around neck)
 n - a ring of ice
 p - an amulet of the acrobat
Scrolls
 u - a scroll of enchant weapon
Potions
 c - a potion of magic
 g - a potion of degeneration
 k - 2 potions of attraction
 o - a potion of lignification


   Skills:
 + Level 7.0 Fighting
 * Level 9.2 Long Blades
 + Level 6.3 Armour
 + Level 5.8 Dodging


You had 7 spell levels left.
You didn't know any spells.
Your spell library was empty.

Dungeon Overview and Level Annotations

Branches:
Dungeon (6/15)             Temple (0/1) D:4

Altars:
Fedhas
Nemelex Xobeh
Uskayaw
Wu Jian
Zin

Shops:
D:1 (:   D:3 *   D:5 ?


Innate Abilities, Weirdness & Mutations

You are a tree.
Your roots penetrate the ground, keeping you stationary.
You cannot be teleported.
You are immune to unholy pain and torment.
Your maximum health is greatly increased.
Your equipment is partially melded.
((You have a pair of horns on your head.))
((You reflexively headbutt those who attack you in melee.))


Message History

The electric eel shoots out a bolt of lightning at you!
The bolt of electricity hits you. You resist.
It was a potion of flight.
Your roots keep you in place.
The electric eel shoots out a bolt of lightning at you!
The bolt of electricity hits you but does no damage.
Why would you want to do that?
Okay, then.
Throw: 3 darts (poison)
Press: ? - help, Q - select action, (/) - cycle Shift-Dir - straight line, f - electric eel
Aim: an electric eel (40% to hit)
You throw a poisoned dart.
The poisoned dart hits the electric eel.
The electric eel shoots out a bolt of lightning at you!
The bolt of electricity hits you but does no damage.
Throw: 2 darts (poison)
Press: ? - help, Q - select action, (/) - cycle Shift-Dir - straight line, f/p - electric eel
Aim: an electric eel (40% to hit)
You throw a poisoned dart.
The poisoned dart hits the electric eel.
You hear a splash.
The electric eel shoots out a bolt of lightning at you!
The bolt of electricity hits you. You resist.
* * * LOW HITPOINT WARNING * * *
Throw: dart (poison)
Press: ? - help, Q - select action, (/) - cycle Shift-Dir - straight line, f/p - electric eel
Aim: an electric eel (40% to hit)
You throw a poisoned dart.
The poisoned dart misses the electric eel.
You hear a splash.
The electric eel shoots out a bolt of lightning at you!
The bolt of electricity hits you. You resist.
* * * LOW HITPOINT WARNING * * *
Throw: 3 boomerangs
Press: ? - help, Q - select action, (/) - cycle Shift-Dir - straight line, f/p - electric eel
Aim: an electric eel (40% to hit)
You throw a boomerang.
The boomerang barely misses the electric eel.
The electric eel shoots out a bolt of lightning at you!
The bolt of electricity hits you. You resist.
You die...

≈≈~≈≈ .≈≈≈≈≈.#.# #
~.~~.~.....○.☼☼○☼~~..#.#
# ≈ ≈≈≈~≈≈≈§☼°≈≈≈≈≈..§#
# ♣≈ ♣≈~≈♣ ♣§§§♣♣♣≈~○○#
# ♣≈~ ♣≈☼≈♣ ♣☼§§♣ ♣≈☼#.#
#
♣≈.≈♣♣♣≈§≈♣♣♣≈§°♣♣♣§§.☼#
#
≈≈.≈S≈≈≈○≈S○≈≈§≈≈≈§☼~#☼#
#
~..~.~..○S§○☼§§.☼§☼§☼.☼#
#
#......☼§§..☼○♣○☼§○☼☼##
# ######################


You could see 2 electric eels.

Vanquished Creatures
  A water moccasin (D:5)
  4 ogres
  5 scorpions
  3 water moccasin zombies (D:5)
  A water moccasin skeleton (D:5)
  3 bullfrog zombies (D:5)
  A hound (D:5)
  2 jellies
  An orc priest (D:4)
  3 iguanas
  A scorpion zombie (D:5)
  2 sleepcaps (D:5)
  An orc wizard (D:4)
  A killer bee zombie (D:5)
  2 hound zombies (D:5)
  9 gnolls
  8 adders
  A shadow imp (D:6)
  An ufetubus (D:4)
  An adder zombie (D:5)
  4 worms
  2 dart slugs
  9 orcs
  4 bats
  6 endoplasms
  5 giant cockroaches
  6 goblins
  4 hobgoblins
  3 jackals (D:2)
  5 kobolds
  8 quokkas
  7 ball pythons
  4 frilled lizards
  2 rats
120 creatures vanquished.

Vanquished Creatures (others)
  40 plants (D:3)
  A withered plant (D:5)
41 creatures vanquished.

Grand Total: 161 creatures vanquished

Notes
Turn   | Place    | Note
-------+----------+-------------------------------------------
     0 | D:1      | Borgoz the Minotaur Berserker began the quest for the Orb.
     0 | D:1      | Reached XP level 1. HP: 19/19 MP: 0/0
   144 | D:1      | Reached skill level 4 in Long Blades
   144 | D:1      | Reached XP level 2. HP: 26/27 MP: 1/1
   166 | D:1      | Found Rirphiat's Book Boutique.
   478 | D:1      | Found Ziokag's Weapon Boutique.
   772 | D:2      | Reached ** piety under Trog
   875 | D:2      | Reached XP level 3. HP: 22/33 MP: 2/2
  1130 | D:2      | Reached XP level 4. HP: 40/40 MP: 3/3
  1319 | D:3      | Found Ashroat's General Store.
  1343 | D:3      | Noticed a scorpion
  1358 | D:3      | Killed a scorpion
  1359 | D:3      | Reached skill level 5 in Long Blades
  1359 | D:3      | Reached XP level 5. HP: 46/47 MP: 4/4
  1642 | D:3      | Found an ornate altar of the Wu Jian Council.
  1803 | D:3      | Found a hide-covered altar of Uskayaw.
  2236 | D:4      | Noticed an ogre
  2246 | D:4      | Killed an ogre
  2247 | D:4      | Reached skill level 5 in Fighting
  2247 | D:4      | Reached skill level 6 in Long Blades
  2247 | D:4      | Reached XP level 6. HP: 52/56 MP: 5/5
  2284 | D:4      | Found a glowing silver altar of Zin.
  2440 | D:4      | Found a staircase to the Ecumenical Temple.
  2490 | D:4      | Reached *** piety under Trog
  2612 | D:4      | Found a sparkling altar of Nemelex Xobeh.
  2980 | D:4      | Found a blossoming altar of Fedhas.
  2987 | D:4      | Found a hide-covered altar of Uskayaw.
  3117 | D:5      | Entered Level 5 of the Dungeon
  3213 | D:5      | Reached XP level 7. HP: 57/61 MP: 6/6
  3430 | D:5      | Reached skill level 7 in Long Blades
  3509 | D:5      | Reached skill level 5 in Armour
  3618 | D:5      | HP: 3/62 [poisoned by a scorpion]
  3826 | D:5      | Reached XP level 8. HP: 55/70 MP: 7/7
  3827 | D:5      | Reached skill level 8 in Long Blades
  3832 | D:5      | Reached skill level 5 in Dodging
  4232 | D:5      | Reached **** piety under Trog
  4472 | D:5      | Reached skill level 9 in Long Blades
  4684 | D:5      | Found Benwocem's Magic Scroll Boutique.
  4744 | D:5      | Bought a scroll of identify for 22 gold pieces
  4751 | D:5      | Bought a scroll of teleportation for 33 gold pieces
  4751 | D:5      | Bought a scroll of teleportation for 33 gold pieces
  5151 | D:6      | HP: 3/73 [electric eel/bolt of electricity (8)]
  5158 | D:6      | HP: 3/109 [electric eel/bolt of electricity (3)]
  5164 | D:6      | HP: 4/109 [electric eel/bolt of electricity (2)]
  5166 | D:6      | Killed from afar by an electric eel

Illustrated notes

Levels and vault maps discovered:
D:1:      saegor_arrival_simple_e, layout_basic, serial_shops,
          nicolae_lakefront_shop, nicolae_book_shop_shelving
D:2:      layout_loops_ring, guppyfry_early_orc_mine
D:3:      wad_woods_stonehenge, layout_loops_ring,
          nicolae_overflow_hidden_temple, serial_shops, shop_fountains,
          st_stairs_6
D:4:      layout_loops_ring, zin_academy, mainiacjoe_overflow_24_doors,
          chequers_temple_overflow_statue_of_worship, temple_pool_b,
          minivault_1, minmay_strange_pillars, amethyst_killhole, st_stairs_9
D:5:      layout_cave_pods, serial_undead, serial_undead_a, serial_undead_c,
          serial_undead_d, serial_undead_f, cheibrodos_sewer_entry_drain,
          minmay_shop_grid_forest
D:6:      layout_basic, vehumet_statue, makhleb_heckhound_becter,
          kennysheep_boxes, uniq_pikel, uniq_edmund

Skill      XL: |  1  2  3  4  5  6  7  8 |
---------------+-------------------------+-----
Long Blades    | 4 5 6 7 9 |  9.2
Fighting       | 4 5 6 7 |  7.0
Armour         | 3 4 5 6 |  6.3
Dodging        | 3 4 5 |  5.8

Action                     |  1- 3 |  4- 6 |  7- 9 || total
---------------------------+-------+-------+-------++-------
  Melee: Falchion          |    62 |   159 |   147 ||   368
         Headbutt          |    14 |    32 |    40 ||    86
         Punch             |     1 |     4 |     2 ||     7
  Throw: Dart              |       |       |     3 ||     3
         Boomerang         |       |       |     2 ||     2
 Invoke: Berserk           |       |     2 |     5 ||     7
         Trog's Hand       |       |       |     1 ||     1
    Use: Scroll            |     8 |     2 |     8 ||    18
         Potion            |       |       |     6 ||     6
   Stab: Sleeping          |     1 |     2 |       ||     3
 Armour: Animal skin       |    11 |    42 |    41 ||    94
         Skin              |       |       |     3 ||     3
  Dodge: Dodged            |    49 |    95 |   109 ||   253
